 Dungeon Crawl Stone Soup version 0.26.1-2-gb8aa6d0cf2 (webtiles) character file.

Game seed: 13968791746781979997

606066 frederrik2 the Conqueror (level 27, -15/292 HPs)
             Began as a Palentonga Fighter on Feb 24, 2021.
             Was the Champion of Okawaru.
             Demolished by a spark wasp (19 damage)
             ... on level 5 of the Depths on Feb 25, 2021.
             The game lasted 04:23:32 (55512 turns).

frederrik2 the Conqueror (Palentonga Fighter)      Turns: 55512, Time: 04:23:34

Health: -15/292    AC: 39    Str: 38    XL:     27
Magic:  28/28      EV:  8    Int: 12    God:    Okawaru [******]
Gold:   3863       SH: 36    Dex: 21    Spells: 26/26 levels left

rFire    . . .     SeeInvis +   c - +8 scimitar (vamp)
rCold    + + +     Faith    .   x - +18 shield of the Gong {rElec rN+ Will+ EV-5}
rNeg     + + .     Spirit   .   G - +15 Maxwell's patent armour {-Cast -Tele rElec Will+ rCorr}
rPois    +         Reflect  .   N - +2 helmet
rElec    +         Harm     .   M - scarf {repulsion}
rCorr    +         Rampage  .   Z - +0 pair of gloves "Fuangu" {-Tele Str+3 Int+6 Dex+2 SInv}
Will     +++++     NoTele   +   l - -1 barding of the Teacher {rC+ rN+ Dex+4} Stlth ..........NoCast +
                                T - amulet of Cyuf {*Corrode rElec Regen+ Str+6 Stlth+}
HPRegen  0.98/turn              O - ring "Jaytabro" {rC+ Will++ EV+4 Int-5 Slay+3}
MPRegen  0.21/turn              F - ring "Boegg" {rPois rC+ rCorr Dex+4}

@: mighty, heroism, corroded, repel missiles, curled up
A: large, rugged brown scales 3, see invisible, deformed body, sense
surroundings 1, electricity resistance, wild magic 1, MP-powered wands, roll 1,
armoured tail, reflexive curl
}: 2/15 runes: decaying, serpentine
a: Rolling Charge, Renounce Religion, Heroism, Finesse


You were on level 5 of the Depths.
You worshipped Okawaru.
Okawaru was exalted by your worship.
You visited 11 branches of the dungeon, and saw 46 of its levels.
You visited the Abyss 1 time.
You visited 1 ziggurat, and saw 9 of its levels.
You also visited: Gauntlet, Ice Cave and Wizlab.

You collected 6718 gold pieces.
You spent 2855 gold pieces at shops.

Inventory:

Hand Weapons
 a - a +3 scimitar of flaming
 b - a +8 double sword of holy wrath
 c - a +8 vampiric scimitar (weapon)
 z - a +2 demon blade of draining
Missiles
 e - 619 stones
Armour
 d - a +1 tower shield of protection
 j - +1 gold dragon scales
 l - the -1 barding of the Teacher (worn) {rC+ rN+ Dex+4}
   (You acquired it on level 1 of the Lair of Beasts)

   It affects your dexterity (+4).
   It protects you from cold.
   It protects you from negative energy.
 x - the +18 shield of the Gong (worn) {rElec rN+ Will+ EV-5}
   (You found it on level 4 of the Depths)

   It affects your evasion (-5).
   It insulates you from electricity.
   It protects you from negative energy.
   It affects your willpower, your defense against some magical effects.
 E - a +1 barding of flying
 G - the +15 Maxwell's patent armour (worn) {-Cast -Tele rElec Will+ rCorr}
   (Okawaru gifted it to you on level 8 of the Dungeon)

   It insulates you from electricity.
   It affects your willpower, your defense against some magical effects.
   It prevents spellcasting.
   It prevents most forms of teleportation.
   It provides partial protection from all sources of acid and corrosion.
 M - a scarf of repulsion (worn)
 N - a +2 helmet (worn)
 Z - the +0 pair of gloves "Fuangu" (worn) {-Tele Str+3 Int+6 Dex+2 SInv}
   (You found it on level 3 of the Swamp)

   It affects your strength (+3).
   It affects your intelligence (+6).
   It affects your dexterity (+2).
   It lets you see invisible.
   It prevents most forms of teleportation.
Jewellery
 F - the ring "Boegg" (right hand) {rPois rC+ rCorr Dex+4}
   (You found it on level 4 of the Lair of Beasts)

   [ring of resist corrosion]

   It affects your dexterity (+4).
   It protects you from cold.
   It protects you from poison.
   It provides partial protection from all sources of acid and corrosion.
 O - the ring "Jaytabro" (left hand) {rC+ Will++ EV+4 Int-5 Slay+3}
   (You found it on level 5 of the Lair of Beasts)

   [ring of evasion]

   It affects your evasion (+4).
   It affects your intelligence (-5).
   It affects your accuracy and damage with ranged weapons and melee attacks
   (+3).
   It protects you from cold.
   It affects your willpower, your defense against some magical effects.
 T - the amulet of Cyuf (around neck) {*Corrode rElec Regen+ Str+6 Stlth+}
   (You found it on level 3 of the Elven Halls)

   [amulet of regeneration]

   It affects your strength (+6).
   It insulates you from electricity.
   It increases your rate of regeneration.
   It may corrode you when you take damage.
   It makes you more stealthy.
Wands
 i - a wand of flame (82)
 k - a wand of paralysis (18)
 p - a wand of polymorph (7)
 u - a wand of acid (30)
 w - a wand of iceblast (65)
 y - a wand of disintegration (26)
 H - a wand of digging (27)
Scrolls
 f - 43 scrolls of identify
 n - 4 scrolls of fear
 o - 8 scrolls of enchant armour
 r - 27 scrolls of remove curse
 B - 8 scrolls of magic mapping
 C - 4 scrolls of holy word
 I - 14 scrolls of blinking
 L - 20 scrolls of teleportation
 V - 4 scrolls of fog
 W - a scroll of summoning
Potions
 h - 3 potions of haste
 m - 12 potions of ambrosia
 q - 5 potions of cancellation
 s - 5 potions of brilliance
 t - 18 potions of curing
 A - 4 potions of flight
 Q - 8 potions of magic
 S - 5 potions of resistance
 U - 4 potions of might
Miscellaneous
 g - a box of beasts
 v - the horn of Geryon
 J - a phial of floods


   Skills:
 O Level 27 Fighting
 - Level 4.4(21.1) Short Blades
 + Level 22.8(27) Long Blades
 - Level 15.3(20.3) Armour
 - Level 15.0(20.0) Shields
 - Level 7.0 Invocations
 - Level 8.0 Evocations


You had 26 spell levels left.
You didn't know any spells.
Your spell library contained the following spells:

 Spells                   Type           Power        Failure   Level
 Beastly Appendage        Tmut           0%           77%         1
 Corona                   Hex            0%           77%         1
 Freeze                   Ice            0%           77%         1
 Magic Dart               Conj           0%           77%         1
 Sandblast                Erth           0%           77%         1
 Sting                    Tmut/Pois      0%           77%         1
 Summon Small Mammal      Summ           0%           77%         1
 Blink                    Tloc           N/A          88%         2
 Call Imp                 Summ           0%           88%         2
 Corpse Rot               Necr/Air       N/A          88%         2
 Ensorcelled Hibernation  Hex/Ice        0%           88%         2
 Passwall                 Tmut/Erth      0%           88%         2
 Poisonous Vapours        Pois/Air       0%           88%         2
 Slow                     Hex            0%           88%         2
 Sublimation of Blood     Necr           0%           88%         2
 Wereblood                Tmut           0%           88%         2
 Call Canine Familiar     Summ           0%           98%         3
 Confusing Touch          Hex            0%           98%         3
 Conjure Flame            Conj/Fire      0%           98%         3
 Dazzling Flash           Conj/Hex       0%           98%         3
 Frozen Ramparts          Ice            0%           98%         3
 Gell's Gravitas          Tloc           0%           98%         3
 Ignite Poison            Fire/Tmut/Pois 0%           98%         3
 Inner Flame              Hex/Fire       0%           98%         3
 Mephitic Cloud           Conj/Pois/Air  0%           98%         3
 Ozocubu's Armour         Ice            0%           98%         3
 Portal Projectile        Hex/Tloc       0%           98%         3
 Spider Form              Tmut/Pois      0%           98%         3
 Stone Arrow              Conj/Erth      0%           98%         3
 Summon Guardian Golem    Hex/Summ       0%           98%         3
 Tukima's Dance           Hex            0%           98%         3
 Cause Fear               Hex            0%           100%        4
 Dispel Undead            Necr           0%           100%        4
 Hailstorm                Conj/Ice       0%           100%        4
 Ice Form                 Ice/Tmut       0%           100%        4
 Leda's Liquefaction      Hex/Erth       0%           100%        4
 Passage of Golubria      Tloc           N/A          100%        4
 Petrify                  Tmut/Erth      0%           100%        4
 Summon Ice Beast         Ice/Summ       0%           100%        4
 Summon Lightning Spire   Summ/Air       0%           100%        4
 Agony                    Necr           0%           100%        5
 Alistair's Intoxication  Tmut/Pois      0%           100%        5
 Blade Hands              Tmut           0%           100%        5
 Bolt of Magma            Conj/Fire/Erth 0%           100%        5
 Excruciating Wounds      Necr           0%           100%        5
 Fireball                 Conj/Fire      0%           100%        5
 Irradiate                Conj/Tmut      0%           100%        5
 Lee's Rapid Deconstruct  Erth           0%           100%        5
 Metabolic Englaciation   Hex/Ice        0%           100%        5
 Silence                  Hex/Air        0%           100%        5
 Summon Mana Viper        Hex/Summ       0%           100%        5
 Yara's Violent Unravell  Hex/Tmut       0%           100%        5
 Conjure Ball Lightning   Conj/Air       0%           100%        6
 Eringya's Noxious Bog    Tmut/Pois      0%           100%        6
 Freezing Cloud           Conj/Ice/Air   0%           100%        6
 Hydra Form               Tmut           0%           100%        6
 Iron Shot                Conj/Erth      0%           100%        6
 Starburst                Conj/Fire      0%           100%        6
 Statue Form              Tmut/Erth      0%           100%        6
 Dragon Form              Tmut           0%           100%        7
 Malign Gateway           Summ/Tloc      0%           100%        7
 Summon Hydra             Summ           0%           100%        7
 Chain Lightning          Conj/Air       0%           100%        8
 Discord                  Hex            0%           100%        8
 Ignition                 Fire           0%           100%        8
 Lehudib's Crystal Spear  Conj/Erth      0%           100%        8
 Absolute Zero            Ice            0%           100%        9
 Dragon's Call            Summ           0%           100%        9
 Fire Storm               Conj/Fire      0%           100%        9
 Shatter                  Erth           0%           100%        9
 Tornado                  Air            0%           100%        9


Dungeon Overview and Level Annotations

Branches:
Dungeon (15/15)            Temple (1/1) D:6            Lair (6/6) D:11
  Swamp (4/4) Lair:2        Snake (4/4) Lair:3        Slime (0/5) Lair:6
    Orc (2/2) D:12            Elf (3/3) Orc:2        Vaults (4/5) D:14
  Crypt (0/3) Vaults:3     Depths (5/5) D:15           Hell (visited)
    Coc (1/7) Hell          IceCv (visited)          WizLab (visited)
Gauntlet (visited)
    Dis: Hell:1         Geh: Hell:1         Tar: Hell:1         Zot: Depths:5

Altars:
Ashenzari
Cheibriados
Dithmenos
Elyvilon
Fedhas
Gozag
Hepliaklqana
Kikubaaqudgha
Makhleb
Nemelex Xobeh
Okawaru
Qazlal
Ru
Sif Muna
Trog
Uskayaw
Vehumet
Wu Jian
Xom
Yredelemnul
Zin
The Shining One
Jiyva

Shops:
D:5 [   D:13 (   D:15 *}(*   Orc:2 *(:(   Elf:1 [[[   Elf:2 (   Snake:4 (
Vaults:1 }   Vaults:3 }   Vaults:4 !   Depths:2 =}!}

Portals:
Hell: Lair:6 Depths:1 Depths:2 Depths:3 Depths:4
Abyss: D:7 Depths:3 Depths:4
Pandemonium: Depths:2 Depths:3


Innate Abilities, Weirdness & Mutations

You are completely covered in rugged brown scales. (AC +3, +7% HP)
You have supernaturally acute eyesight. (SInv)
Armour fits poorly on your strangely shaped body.
You can roll at nearby foes to attack.
You have a long armoured tail.
You curl defensively after being hit.
You passively map a small area around you.
You are resistant to electric shocks. (rElec)
Your spells are a little harder to cast, but a little more powerful.
You expend magic power (3 MP) to strengthen your wands.


Message History

SHROANNG!
You hear a deafening roar! x4
You slice the spark wasp!!
You feel better.
Your tail-slap misses the spark wasp.
The spark wasp is moderately wounded.
You block the spark wasp's attack.
GONNNNG!
You block the spark wasp's attack.
GONNNNG!
You block the great orb of eyes's attack.
PTOANNNG!
The spark wasp stings you!
* * * LOW HITPOINT WARNING * * *
The spark wasp shocks you. You resist.
* * * LOW HITPOINT WARNING * * *
The spark wasp stings you!!
* * * LOW HITPOINT WARNING * * *
The spark wasp shocks you. You resist.
* * * LOW HITPOINT WARNING * * *
The spark wasp stings you!!
You die...

* #. + #. , * , ∩
≈ #.#8, * , ,,
#.(# , , #... , *,
, ,#..D, ,,, ,
#.eG### , , ,
##y@y# '** * ,
#.yyy## , ##xyV.##
, , #..≈x.## , ' ,
,, ##.≈...### *,
##.≈≈...##########
, ,,
##.....#........#
* ,
##...''........'
.###.#..........


You could see a fire dragon, a great orb of eyes, 6 spark wasps, a jiangshi, a
deep elf high priest and 2 crawling corpses.

Vanquished Creatures
  An ancient lich (WizLab)
  2 juggernauts
  Mennas (Depths:4)
  Vashnia (Snake:4)
  2 shard shrikes (Coc:1)
  Bai Suzhen (Snake:4)
  Margery (Depths:3)
  4 Killer Klowns (Zig:9)
  4 caustic shrikes
  Geryon (Hell)
  5 bone dragons
  2 golden dragons (Depths:5)
  A lich (Depths:2)
  Jorgrun (D:12)
  Rupert (D:15)
  2 Ice Fiends (Coc:1)
  The ghost of generaletaddeo the Thaumaturge, an adept DgAE (Snake:4)
  A titan (Depths:2)
  A deep elf master archer (Elf:3)
  4 deep elf blademasters
  A pandemonium lord (Zig:9)
  The ghost of Cykl0x the Peltast, an adept MiFi of the Shining One (Snake:4)
  Agnes (Snake:4)
  3 sphinxes
  3 storm dragons
  2 tengu reavers
  A draconian monk (Zig:5)
  A thorn hunter (Swamp:3)
  9 nagarajas
  9 frost giants
  Donald (Vaults:4)
  Louise (Swamp:4)
  10 fire giants
  5 deep elf sorcerers (Elf:3)
  Aizul (Snake:2)
  5 vault wardens
  3 deep elf elementalists (Elf:3)
  12 ironheart preservers
  24 very ugly things
  21 stone giants
  7 reapers
  A green draconian (Zig:5)
  2 vampire knights
  2 bennus (Zig:4)
  2 lorocyprocas (Hell)
  11 deep elf demonologists
  An entropy weaver (Zig:3)
  8 deep elf annihilators
  A yellow draconian (Zig:5)
  A minotaur (Gauntlet)
  A white draconian (Zig:5)
  A black draconian (Zig:5)
  5 spark wasps
  The ghost of Wertik the Severer, a journeyman MiFi of Nemelex Xobeh (Lair:4)
  A bunyip (Swamp:3)
  A purple draconian (Depths:5)
  8 deep elf death magi
  7 ettins
  4 mummy priests
  A jiangshi (Depths:5)
  11 fire dragons
  6 crystal guardians
  3 blizzard demons
  3 eleionomae
  The ghost of Firil the Destroyer, a journeyman OpFE of Vehumet (Lair:1)
  A deep elf high priest (Elf:3)
  The ghost of frederrik2 the Carver, a journeyman PaFi of Okawaru (D:11)
  A shambling mangrove (Swamp:1)
  10 yaktaur captains
  4 great orbs of eyes
  12 boulder beetles
  5 rakshasas
  A kraken zombie (Coc:1)
  26 ice dragons
  9 vault guards
  15 hydras
  5 spriggan air magi
  2 hell beasts
  12 naga warriors
  4 ghost crabs
  12 anacondas
  7 centaur warriors
  11 death yaks
  Erica (D:8)
  16 ogre magi
  31 dancing weapons
  48 two-headed ogres
  7 deep troll shamans
  7 alligators
  6 vampire magi
  3 hell hogs (Hell)
  6 tengu warriors
  17 deep troll earth magi
  An orc high priest (Zig:8)
  2 titan zombies
  11 naga sharpshooters
  14 large abominations
  5 thrashing horrors
  9 spriggan berserkers
  A wretched star (Abyss:3)
  11 shock serpents
  23 deep elf knights
  A soul eater (Hell)
  2 sun demons (Depths:3)
  A storm dragon zombie (Coc:1)
  An iron troll (Depths:1)
  7 salamander mystics
  2 titan skeletons
  A shadow wraith (Abyss:3)
  A fire crab (shapeshifter) (Vaults:3)
  2 goliath frogs
  2 golden dragon zombies (Coc:1)
  A quicksilver dragon simulacrum (Coc:1)
  3 sixfirhies
  A sea snake (shapeshifter) (Vaults:3)
  2 ghost moth zombies (Coc:1)
  12 hell knights
  7 skeletal warriors
  3 sea snakes (Snake:2)
  A storm dragon skeleton (Hell)
  9 wizards
  30 deep trolls
  4 unseen horrors
  4 bog bodies
  5 spriggan druids
  A kraken simulacrum (Hell)
  The ghost of FishyPogo the Sneak, a novice DsWz of Dithmenos (D:8)
  4 swamp dragons
  5 anaconda zombies
  4 glowing orange brains
  A spectral hydra (Swamp:4)
  3 flayed ghosts
  5 ironbrand convokers
  12 naga ritualists
  3 obsidian statues
  14 deep elf archers
  3 orange crystal statues
  59 deep elf magi
  2 phantasmal warriors
  A golden dragon skeleton (Coc:1)
  A wolf spider (D:15)
  13 necromancers
  An anaconda skeleton (Coc:1)
  2 oklob plants
  14 mana vipers
  An orc sorcerer (Vaults:4)
  12 orc knights
  A shining eye (Abyss:3)
  3 will-o-the-wisps
  A stone giant zombie (WizLab)
  36 ugly things
  11 cyclopes
  2 manticores (D:14)
  7 salamanders
  2 worldbinders (Abyss:3)
  3 elephants (Lair:4)
  A frost giant zombie (Coc:1)
  A moth of wrath (Zig:8)
  2 apocalypse crabs
  2 toenail golems (D:7)
  5 ice statues
  6 guardian serpents
  2 rust devils
  33 black mambas
  An iron dragon skeleton (Coc:1)
  An elephant (shapeshifter) (Vaults:4)
  A guardian serpent (shapeshifter) (Depths:3)
  The ghost of Gnirx the Geomancer, a novice GrEE of Vehumet (D:7)
  14 naga magi
  A stone giant skeleton (Coc:1)
  An orange demon (Lair:6)
  8 smoke demons
  2 gargoyles
  2 cane toads (shapeshifter)
  A titan simulacrum (Coc:1)
  9 cane toads
  2 emperor scorpion zombies
  10 vault sentinels
  An eye of devastation (Gauntlet)
  4 torpor snails
  A komodo dragon (shapeshifter) (Vaults:4)
  A hellion (Depths:3)
  4 demonic crawlers
  3 kobold demonologists
  2 dire elephant skeletons
  14 freezing wraiths
  8 tormentors (Coc:1)
  An efreet (D:15)
  10 rime drakes
  8 ice devils
  13 komodo dragons
  4 swamp worm zombies (Swamp:4)
  54 yaktaurs
  2 ancient zymes
  2 yaktaur zombies (WizLab)
  8 hellwings
  10 red devils
  2 guardian mummies
  A queen bee (shapeshifter) (Vaults:1)
  A harpy zombie (Coc:1)
  4 meliai
  3 polar bears
  6 hydra zombies
  2 queen bees
  2 bloated husks
  5 trolls
  3 alligator zombies
  A sphinx simulacrum (Vaults:2)
  A meliai (shapeshifter) (Depths:3)
  5 ice dragon zombies
  A hornet (shapeshifter) (Depths:2)
  2 spectral swamp dragons (Swamp:4)
  7 tyrant leeches
  16 hornets
  22 blink frogs
  16 slime creatures
  10 dream sheep
  A deep troll zombie (WizLab)
  A raiju (shapeshifter) (D:14)
  A human simulacrum (Vaults:3)
  5 ettin zombies
  2 vampires
  2 fire dragon zombies
  2 flying skulls
  A fire giant simulacrum (Coc:1)
  2 stone giant simulacra (Coc:1)
  9 shadows
  2 air elementals
  A centaur simulacrum (D:14)
  2 ettin skeletons (Coc:1)
  5 wraiths
  13 water elementals
  5 alligator skeletons
  A spriggan (shapeshifter) (Zig:9)
  A fire dragon skeleton (Coc:1)
  2 ice dragon skeletons
  A human (shapeshifter) (Elf:2)
  2 yaks (shapeshifter)
  4 wyverns
  64 yaks
  17 spriggans
  2 ushabtiu (Zig:4)
  3 fire bats (Abyss:3)
  A golden eye (Gauntlet)
  7 basilisks
  A fire elemental (Zig:7)
  A hog (shapeshifter) (Depths:1)
  3 neqoxecs
  Grum (D:8)
  4 chaos spawn
  Menkaure (D:5)
  A yaktaur simulacrum (Vaults:2)
  7 wargs
  A harpy simulacrum (Coc:1)
  26 vampire mosquitoes
  47 nagas
  15 swamp worms
  3 acid dragons
  2 cane toad zombies
  20 water moccasins
  A soldier ant (shapeshifter) (Vaults:4)
  8 hell hounds
  A tengu skeleton (Zig:6)
  3 cane toad skeletons
  34 ice beasts
  5 sky beasts
  A boulder beetle simulacrum (Vaults:2)
  An eye of draining (D:10)
  A hornet zombie (D:11)
  3 swamp drakes (Swamp:1)
  A manticore zombie (Coc:1)
  24 orc warriors
  2 black bears
  3 swamp dragon zombies (Swamp:4)
  10 phantoms
  2 elf zombies (WizLab)
  A necrophage (Coc:1)
  47 wolves
  55 ogres
  8 boggarts
  20 centaurs
  26 big kobolds
  2 human zombies (WizLab)
  4 earth elementals
  16 bullfrogs
  A gnoll sergeant (D:6)
  16 small abominations
  A wyvern skeleton (D:6)
  7 scorpions
  A water moccasin skeleton (D:12)
  34 killer bees
  A swamp dragon simulacrum (Abyss:1)
  33 wights
  5 electric eels
  A howler monkey (D:12)
  3 bullfrog zombies
  4 crimson imps
  5 centaur zombies
  A quasit (D:7)
  17 jellies
  3 hounds
  16 orc priests
  5 centaur skeletons
  An iron imp (Abyss:3)
  2 bullfrog skeletons
  14 orc wizards
  Jessica (D:3)
  5 iguanas
  Natasha (D:3)
  A spectral swamp drake (Swamp:4)
  10 worker ants
  A killer bee zombie (D:10)
  A hound skeleton (D:4)
  4 mummies (Zig:4)
  A worker ant zombie (D:10)
  14 adders
  8 gnolls
  2 swamp drake zombies (Swamp:4)
  5 shadow imps
  17 white imps
  6 ufetubi
  2 oozes
  An adder zombie (D:6)
  An adder skeleton (D:4)
  4 worms
  A dart slug (D:1)
  8 leopard geckos
  71 orcs
  2 ball pythons
  7 giant cockroaches
  9 goblins
  7 hobgoblins
  7 jackals
  7 quokkas
  7 bats
  4 frilled lizards
  22 kobolds
  A leopard gecko zombie (D:9)
  An orc skeleton (Hell)
  2 quokka skeletons (D:4)
  4 rats
  5 crawling corpses
  4 tentacles
2290 creatures vanquished.

Vanquished Creatures (collateral kills)
  A raiju (Abyss:3)
1 creature vanquished.

Vanquished Creatures (others)
  A ghost crab (Swamp:4)
  2 deep elf knights
  A goliath frog (Swamp:3)
  A wizard (D:12)
  4 bloated husks (Swamp:4)
  A hydra zombie (Swamp:4)
  A wind drake (shapeshifter) (Vaults:2)
  A small abomination (Abyss:3)
  A naga (Snake:4)
  A vampire mosquito (Swamp:1)
  A phantom (Swamp:4)
  An earth elemental (Elf:1)
  A crimson imp (Hell)
  An orc priest (Orc:2)
  2 spectral swamp drakes (Swamp:4)
  18 demonic plants (Gauntlet)
  14 foxfires
  17 fungi
  43 plants
  8 tentacles
120 creatures vanquished.

Grand Total: 2411 creatures vanquished

Notes
Turn   | Place    | Note
-------+----------+-------------------------------------------
     0 | D:1      | frederrik2 the Palentonga Fighter began the quest for the
                  | Orb.
     0 | D:1      | Reached XP level 1. HP: 20/20 MP: 1/1
   306 | D:1      | Reached XP level 2. HP: 27/27 MP: 2/2
   610 | D:1      | Reached XP level 3. HP: 33/33 MP: 3/3
  1463 | D:2      | Found an iron altar of Okawaru.
  1467 | D:2      | Became a worshipper of Warmaster Okawaru
  1529 | D:2      | Reached XP level 4. HP: 24/40 MP: 4/4
  1536 | D:2      | Reached XP level 5. HP: 31/49 MP: 5/5
  1541 | D:2      | Reached skill level 4 in Fighting
  2775 | D:3      | Found a stormy altar of Qazlal.
  2813 | D:3      | Noticed Jessica
  2817 | D:3      | Killed Jessica
  2817 | D:3      | Reached * piety under Okawaru
  2818 | D:3      | Reached XP level 6. HP: 55/55 MP: 6/6
  3083 | D:3      | Noticed Natasha
  3100 | D:3      | Killed Natasha
  3309 | D:3      | Reached skill level 5 in Long Blades
  3637 | D:4      | Gained mutation: You curl defensively after being hit.
                  | [Palentonga growth]
  3637 | D:4      | Reached XP level 7. HP: 59/64 MP: 7/7
  3773 | D:4      | Reached skill level 5 in Fighting
  3872 | D:4      | Noticed a yak
  3872 | D:4      | Noticed a yak
  4135 | D:4      | Noticed a yak
  4136 | D:4      | Noticed a yak
  4136 | D:4      | Noticed a yak
  4148 | D:4      | Killed a yak
  4148 | D:4      | Reached ** piety under Okawaru
  4161 | D:4      | Killed a yak
  4176 | D:4      | Killed a yak
  4177 | D:4      | Reached XP level 8. HP: 37/74 MP: 6/8
  4203 | D:4      | Reached skill level 6 in Fighting
  5062 | D:5      | Entered Level 5 of the Dungeon
  5305 | D:4      | Reached *** piety under Okawaru
  5306 | D:4      | Reached skill level 1 in Short Blades
  5581 | D:5      | Noticed Menkaure
  5588 | D:5      | Killed Menkaure
  5600 | D:5      | Found Gadghile's Antique Armour Boutique.
  5603 | D:5      | Bought a smelly ring mail for 216 gold pieces
  5613 | D:5      | Identified the +0 ring mail "Damnable Contraption" {Harm
                  | *Slow rC+ Will+} (You bought it in a shop on level 5 of the
                  | Dungeon)
  5719 | D:5      | Reached XP level 9. HP: 78/80 MP: 9/9
  5844 | D:5      | Reached skill level 10 in Long Blades
  6184 | D:6      | Found a white marble altar of Elyvilon.
  6184 | D:6      | Found a shadowy altar of Dithmenos.
  6184 | D:6      | Found a glowing golden altar of the Shining One.
  6270 | D:6      | Reached **** piety under Okawaru
  6548 | D:6      | Found a staircase to the Ecumenical Temple.
  6580 | Temple   | Entered the Ecumenical Temple
  8382 | D:7      | Found a transporter.
  8384 | D:7      | Noticed Gnirx's ghost (novice GrEE)
  8406 | D:7      | Found a transporter.
  8409 | D:7      | Noticed a toenail golem
  8415 | D:7      | Found a one-way gate to the infinite horrors of the Abyss.
  8415 | D:7      | Noticed a toenail golem
  9368 | D:8      | Reached XP level 10. HP: 79/88 MP: 10/10
  9378 | D:8      | Noticed Grum
  9378 | D:8      | Noticed Erica
  9390 | D:8      | Killed Erica
  9395 | D:8      | Killed Grum
  9395 | D:8      | Reached ***** piety under Okawaru
  9527 | D:8      | Found a runed translucent gate.
  9527 | D:8      | Found a runed translucent gate.
  9527 | D:8      | Found a runed translucent gate.
  9527 | D:8      | Noticed FishyPogo's ghost (novice DsWz)
  9528 | D:8      | Identified the +5 short sword "Deyrgh" {drain, Stlth+}
  9822 | D:8      | Received a gift from Okawaru
  9823 | D:8      | Found the +15 Maxwell's patent armour {-Cast -Tele rElec
                  | Will+ rCorr}
 10288 | D:9      | Reached skill level 7 in Fighting
 10619 | D:10     | Entered Level 10 of the Dungeon
 10676 | D:10     | Reached skill level 8 in Fighting
 10684 | D:10     | Reached XP level 11. HP: 85/101 MP: 11/11
 11010 | D:10     | Reached skill level 9 in Fighting
 11401 | D:11     | Noticed a four-headed hydra
 11407 | D:11     | Killed a one-headed hydra
 11408 | D:11     | Reached skill level 1 in Invocations
 11427 | D:11     | Noticed a boulder beetle
 11431 | D:11     | Killed a boulder beetle
 11477 | D:11     | Noticed a brown ugly thing
 11487 | D:11     | Killed a brown ugly thing
 11546 | D:11     | Found a runed translucent gate.
 11547 | D:11     | Found a runed translucent gate.
 11548 | D:11     | Found a runed translucent gate.
 11549 | D:11     | Noticed frederrik2's ghost (journeyman PaFi)
 11668 | D:11     | Noticed an oklob plant
 11672 | D:11     | Found a staircase to the Lair.
 11735 | D:11     | Found a runed translucent door.
 11742 | D:11     | Noticed an ettin
 11742 | D:11     | Noticed a boulder beetle
 11745 | D:11     | Noticed an unseen horror
 12208 | D:11     | Killed frederrik2's ghost
 12209 | D:11     | Reached skill level 10 in Fighting
 12211 | D:11     | Noticed a sun demon
 12408 | D:8      | Reached skill level 5 in Armour
 12415 | D:8      | Reached skill level 5 in Shields
 12486 | D:8      | Killed FishyPogo's ghost
 12772 | D:12     | Noticed a two-headed ogre
 12776 | D:12     | Reached XP level 12. HP: 101/113 MP: 14/14
 12781 | D:12     | Killed a two-headed ogre
 13202 | D:12     | Found a staircase to the Orcish Mines.
 13209 | D:12     | Noticed Jorgrun
 13231 | D:12     | Killed Jorgrun
 13398 | D:12     | Found a bloodstained altar of Trog.
 13430 | D:12     | Received a gift from Okawaru
 13872 | D:12     | Noticed a boulder beetle
 13881 | D:12     | Killed a boulder beetle
 14054 | Lair:1   | Entered Level 1 of the Lair of Beasts
 14170 | Lair:1   | Found a runed translucent gate.
 14171 | Lair:1   | Found a runed translucent gate.
 14172 | Lair:1   | Found a runed translucent gate.
 14178 | Lair:1   | Noticed Firil's ghost (journeyman OpFE)
 14180 | Lair:1   | Found a viscous altar of Jiyva.
 14326 | Lair:1   | Received a gift from Okawaru
 15089 | Lair:2   | Reached XP level 13. HP: 120/120 MP: 15/15
 15641 | Lair:2   | Found a staircase to the Swamp.
 16114 | Lair:3   | Found a frozen archway.
 16132 | IceCv    | Entered an ice cave
 16542 | IceCv    | Reached skill level 5 in Invocations
 16891 | Lair:3   | Found a staircase to the Snake Pit.
 16991 | Lair:3   | Received a gift from Okawaru
 17604 | Lair:4   | Reached skill level 10 in Armour
 17694 | Lair:4   | Received a gift from Okawaru
 17727 | Lair:4   | Reached ****** piety under Okawaru
 17829 | Lair:4   | Reached skill level 11 in Fighting
 17897 | Lair:4   | Noticed Wertik's ghost (journeyman MiFi)
 17900 | Lair:4   | Received a gift from Okawaru
 17901 | Lair:4   | Reached XP level 14. HP: 132/132 MP: 18/18
 17911 | Lair:4   | Found a transporter.
 17913 | Lair:4   | Found a transporter.
 17962 | Lair:4   | Killed Wertik's ghost
 18008 | Lair:4   | Got a clouded glass ring
 18035 | Lair:4   | Identified the ring "Boegg" {rPois rC+ rCorr Dex+4} (You
                  | found it on level 4 of the Lair of Beasts)
 18525 | Lair:5   | Found a gate leading to a gauntlet.
 18537 | Gauntlet | Entered a Gauntlet
 18537 | Gauntlet | Found a transporter.
 18537 | Gauntlet | Found a transporter.
 18537 | Gauntlet | Found a transporter.
 18538 | Gauntlet | Found a transporter.
 18539 | Gauntlet | Found a transporter.
 18542 | Gauntlet | Found a transporter.
 18548 | Gauntlet | Found a transporter.
 18551 | Gauntlet | Found a transporter.
 18553 | Gauntlet | Found a transporter.
 18553 | Gauntlet | Found a transporter.
 18553 | Gauntlet | Found a large runed translucent door.
 18554 | Gauntlet | Found a large runed translucent door.
 18555 | Gauntlet | Found a large runed translucent door.
 18555 | Gauntlet | Found a large runed translucent door.
 18555 | Gauntlet | Found a runed translucent door.
 18556 | Gauntlet | Found a large runed translucent door.
 18557 | Gauntlet | Found a large runed translucent door.
 18558 | Gauntlet | Found a large runed translucent door.
 18558 | Gauntlet | Found a large runed translucent door.
 18559 | Gauntlet | Found a runed translucent gate.
 18559 | Gauntlet | Found a runed translucent gate.
 18561 | Gauntlet | Found a transporter.
 18561 | Gauntlet | Found a transporter.
 18571 | Gauntlet | Found a runed translucent gate.
 18572 | Gauntlet | Found a large runed translucent door.
 18572 | Gauntlet | Found a large runed translucent door.
 18573 | Gauntlet | Found a large runed translucent door.
 18574 | Gauntlet | Found a large runed translucent door.
 18583 | Gauntlet | Found a large runed translucent door.
 18583 | Gauntlet | Found a large runed translucent door.
 18583 | Gauntlet | Found a runed translucent door.
 18584 | Gauntlet | Found a large runed translucent door.
 18585 | Gauntlet | Found a large runed translucent door.
 18885 | Gauntlet | Got a scorched tin ring
 18946 | Gauntlet | Received a gift from Okawaru
 18947 | Gauntlet | Reached skill level 15 in Long Blades
 19015 | Lair:5   | Identified the ring of the Lily {rPois Dex+2} (You found it
                  | in a Gauntlet)
 19190 | Lair:5   | Reached skill level 12 in Fighting
 19780 | Lair:6   | Entered Level 6 of the Lair of Beasts
 19816 | Lair:6   | Found a staircase to the Slime Pits.
 20213 | Lair:6   | Reached skill level 13 in Fighting
 20760 | Lair:6   | Received a gift from Okawaru
 20963 | Lair:6   | Reached XP level 15. HP: 123/146 MP: 19/19
 21019 | Lair:6   | Found a burning altar of Makhleb.
 21054 | Lair:6   | Reached skill level 14 in Fighting
 21159 | Lair:6   | Found a gateway to Hell.
 21506 | Lair:5   | Got a vibrating pewter ring
 21512 | Lair:5   | Identified the ring "Jaytabro" {rC+ Will++ EV+4 Int-5
                  | Slay+3} (You found it on level 5 of the Lair of Beasts)
 21752 | Orc:1    | Entered Level 1 of the Orcish Mines
 22169 | Orc:2    | Entered Level 2 of the Orcish Mines
 22222 | Orc:2    | Found a staircase to the Elven Halls.
 22325 | Orc:1    | Reached skill level 15 in Fighting
 22784 | Orc:2    | Found Yriq's Book Emporium.
 22784 | Orc:2    | Found Gileguxu's General Store.
 22784 | Orc:2    | Found Nedwuo's Weapon Shop.
 22784 | Orc:2    | Found Gaxic's Antique Weapon Emporium.
 23257 | D:13     | Reached skill level 16 in Fighting
 23436 | D:13     | Received a gift from Okawaru
 23437 | D:13     | Found the +6 Majin-Bo {vamp, MP+6 Int+6}
 23512 | D:13     | Found Fuumm's Weapon Boutique.
 23731 | D:13     | You are sucked into a shaft and drop 2 floors!
 23731 | D:15     | Entered Level 15 of the Dungeon
 24092 | D:14     | Found a gate to the Vaults.
 24130 | D:14     | Reached XP level 16. HP: 164/164 MP: 21/21
 24146 | D:14     | Reached skill level 17 in Fighting
 24623 | D:14     | Received a gift from Okawaru
 24939 | D:15     | Found Hount's General Store.
 24939 | D:15     | Found Bosiu's Gadget Shop.
 24978 | D:15     | Found Soczitai's Weapon Emporium.
 24988 | D:15     | Found Jotalaop's General Store.
 25224 | D:15     | Noticed Rupert
 25234 | D:15     | Killed Rupert
 25527 | D:15     | Found a staircase to the Depths.
 25917 | Swamp:1  | Entered Level 1 of the Swamp
 25927 | Swamp:1  | Reached skill level 18 in Fighting
 26009 | Swamp:1  | Received a gift from Okawaru
 26970 | Swamp:2  | Reached skill level 19 in Fighting
 27376 | Swamp:3  | Got a pair of distressingly furry gloves
 27387 | Swamp:3  | Identified the +0 pair of gloves "Fuangu" {-Tele Str+3
                  | Int+6 Dex+2 SInv} (You found it on level 3 of the Swamp)
 27542 | Swamp:3  | Got a steaming ring mail
 27553 | Swamp:3  | Identified the +3 ring mail of Zyxtolan {-Tele Dex+4} (You
                  | found it on level 3 of the Swamp)
 27881 | Swamp:3  | Noticed a thorn hunter
 27889 | Swamp:3  | Killed a thorn hunter
 28071 | Swamp:4  | Entered Level 4 of the Swamp
 28308 | Swamp:4  | Received a gift from Okawaru
 28320 | Swamp:4  | Reached XP level 17. HP: 167/180 MP: 22/22
 28597 | Swamp:4  | Noticed Louise
 28636 | Swamp:4  | Killed Louise
 28848 | Swamp:4  | Noticed a bone dragon
 28864 | Swamp:4  | Killed a bone dragon
 29132 | Swamp:4  | Got a decaying rune of Zot
 29331 | Snake:1  | Entered Level 1 of the Snake Pit
 29403 | Snake:1  | Received a gift from Okawaru
 29458 | Snake:1  | You fall into a shaft and drop 1 floor!
 29503 | Snake:2  | Reached skill level 20 in Fighting
 30072 | Snake:1  | Reached skill level 10 in Shields
 31021 | Snake:2  | Noticed Aizul
 31033 | Snake:2  | Killed Aizul
 31106 | Snake:2  | Received a gift from Okawaru
 31120 | Snake:2  | Got a translucent barding {god gift}
 31131 | Snake:2  | Identified the +4 barding "Nyxiavir" {Harm rElec rF+}
                  | (Okawaru gifted it to you on level 2 of the Snake Pit)
 32250 | Snake:3  | Reached XP level 18. HP: 192/192 MP: 23/23
 32515 | Snake:4  | Entered Level 4 of the Snake Pit
 32689 | Snake:4  | Noticed Agnes
 32696 | Snake:4  | Killed Agnes
 32878 | Snake:4  | Found Cutzaumn's Weapon Emporium.
 32945 | Snake:4  | Noticed Bai Suzhen
 32956 | Snake:4  | Killed Bai Suzhen
 33037 | Snake:4  | Noticed Vashnia
 33075 | Snake:4  | Killed Vashnia
 33142 | Snake:4  | Received a gift from Okawaru
 33303 | Snake:4  | Reached skill level 21 in Fighting
 33445 | Snake:4  | Got a serpentine rune of Zot
 33691 | Snake:4  | Found a runed translucent gate.
 33691 | Snake:4  | Found a runed translucent gate.
 33692 | Snake:4  | Found a runed translucent gate.
 33756 | Snake:4  | Noticed generaletaddeo's ghost (adept DgAE)
 33756 | Snake:4  | Noticed Cykl0x's ghost (adept MiFi)
 33993 | Snake:4  | Killed Cykl0x's ghost
 34018 | Snake:4  | Killed generaletaddeo's ghost
 34068 | Snake:4  | Identified a scroll of acquirement
 34068 | Snake:4  | Acquired 733 gold pieces
 34264 | Lair:1   | Killed Firil's ghost
 34302 | Lair:1   | Acquired the -1 barding of the Teacher {rC+ rN+ Dex+4}
 34522 | D:7      | Killed Gnirx's ghost
 34522 | D:7      | Received a gift from Okawaru
 34526 | D:7      | Cast into level 1 of the Abyss (orc warrior)
 34855 | Abyss:1  | Reached XP level 19. HP: 202/202 MP: 24/24
 34952 | Abyss:3  | Gained mutation: Your magical capacity is low. (-10% MP) [a
                  | neqoxec]
 35228 | Abyss:3  | Gained mutation: Potions are less effective at restoring
                  | your health. [a neqoxec]
 35230 | Abyss:3  | Gained mutation: You occasionally shout uncontrollably at
                  | your foes. [a neqoxec]
 35233 | Abyss:3  | Gained mutation: Your spells are a little easier to cast,
                  | but a little less powerful. [a shining eye]
 35234 | Abyss:3  | Gained mutation: You are dopey. (Int -2) [a neqoxec]
 35234 | Abyss:3  | Gained mutation: You tend to lose your temper in combat. [a
                  | shining eye]
 35235 | Abyss:3  | Gained mutation: You are occasionally teleported next to
                  | monsters. [a shining eye]
 35239 | Abyss:3  | Lost mutation: Your magical capacity is low. (-10% MP)
                  | [potion of mutation]
 35239 | Abyss:3  | Lost mutation: Your spells are a little easier to cast, but
                  | a little less powerful. [potion of mutation]
 35239 | Abyss:3  | Lost mutation: You are occasionally teleported next to
                  | monsters. [potion of mutation]
 35239 | Abyss:3  | Gained mutation: You can roll at foes to attack. [potion of
                  | mutation]
 35239 | Abyss:3  | Gained mutation: You can roll a great distance at foes to
                  | attack. [potion of mutation]
 35248 | D:7      | Escaped the Abyss
 35258 | D:7      | Lost mutation: You occasionally shout uncontrollably at
                  | your foes. [potion of mutation]
 35258 | D:7      | Lost mutation: You are dopey. (Int -2) [potion of mutation]
 35258 | D:7      | Lost mutation: You can roll a great distance at foes to
                  | attack. [potion of mutation]
 35258 | D:7      | Gained mutation: You are occasionally teleported next to
                  | monsters. [potion of mutation]
 35258 | D:7      | Gained mutation: Your tail ends in a poisonous barb.
                  | [potion of mutation]
 35258 | D:7      | Lost mutation: You tend to lose your temper in combat.
                  | [potion of mutation]
 35258 | D:7      | Gained mutation: You are robust. (+10% HP) [potion of
                  | mutation]
 35669 | Vaults:1 | Entered Level 1 of the Vaults
 36449 | Vaults:1 | Received a gift from Okawaru
 37037 | Vaults:1 | Reached skill level 15 in Shields
 37170 | Vaults:1 | Found Eremouna's Gadget Boutique.
 37441 | Vaults:2 | Reached skill level 22 in Fighting
 37988 | Vaults:2 | Identified the cursed +1 halberd "Killer Bee's Foe" {venom,
                  | Will+}
 38055 | Vaults:2 | Reached XP level 20. HP: 236/236 MP: 25/25
 39030 | Vaults:3 | Received a gift from Okawaru
 39138 | Vaults:3 | Reached skill level 23 in Fighting
 39279 | Vaults:3 | Found Wiqaenk's Gadget Shoppe.
 39684 | Vaults:3 | Found a staircase to the Crypt.
 39927 | Vaults:4 | Received a gift from Okawaru
 39928 | Vaults:4 | Got a warped war axe {god gift}
 40047 | Vaults:4 | Found Xomi's Distillery.
 40074 | Vaults:4 | Bought a potion of heal wounds for 105 gold pieces
 40074 | Vaults:4 | Bought a potion of heal wounds for 105 gold pieces
 40074 | Vaults:4 | Bought a potion of heal wounds for 105 gold pieces
 40245 | Vaults:4 | Reached skill level 24 in Fighting
 40824 | Vaults:4 | Received a gift from Okawaru
 40979 | Vaults:4 | Reached XP level 21. HP: 251/251 MP: 26/26
 41123 | Vaults:4 | Noticed Donald
 41143 | Vaults:4 | Killed Donald
 41942 | Elf:1    | Entered Level 1 of the Elven Halls
 42000 | Elf:1    | Found Xyqociss's Armour Boutique.
 42125 | Elf:1    | Identified the Reference Book on the Entourage
 42346 | Elf:1    | Found Wacenuq's Armour Shop.
 42621 | Elf:1    | Received a gift from Okawaru
 42772 | Elf:1    | Found Eveurod's Antique Armour Emporium.
 42781 | Elf:1    | Bought glowing gold dragon scales for 2324 gold pieces
 43289 | Elf:2    | Found Xawenac's Weapon Emporium.
 43358 | Elf:2    | Found a huge runed translucent gate.
 43358 | Elf:2    | Found a huge runed translucent gate.
 43358 | Elf:2    | Found a huge runed translucent gate.
 43359 | Elf:2    | Found a huge runed translucent gate.
 43359 | Elf:2    | Found a huge runed translucent gate.
 44245 | Elf:3    | Entered Level 3 of the Elven Halls
 44334 | Elf:3    | Reached skill level 25 in Fighting
 44487 | Elf:3    | Received a gift from Okawaru
 45286 | Elf:3    | Found a radiant altar of Vehumet.
 45390 | Elf:3    | Received a gift from Okawaru
 45391 | Elf:3    | Reached XP level 22. HP: 262/264 MP: 27/27
 45671 | Elf:3    | Identified the ring "Rexigo" {Ice Str+4 Dex+2}
 45731 | Elf:3    | Identified the ring "Nocved" {Dex+4 SInv}
 45818 | Elf:3    | Got a vibrating bronze amulet
 45831 | Elf:3    | Identified the amulet of Cyuf {*Corrode rElec Regen+ Str+6
                  | Stlth+} (You found it on level 3 of the Elven Halls)
 45907 | Elf:3    | Identified the Reference Book on Nocuous Companions
 46215 | Depths:1 | Entered Level 1 of the Depths
 46544 | Depths:1 | Found a magical portal.
 46555 | Depths:1 | Found a gateway to a ziggurat.
 46567 | WizLab   | Entered Doroklohe's Tomb
 46883 | WizLab   | Noticed an ancient lich
 46898 | WizLab   | Killed an ancient lich
 47183 | WizLab   | Lost mutation: You are occasionally teleported next to
                  | monsters. [potion of mutation]
 47183 | WizLab   | Lost mutation: Your tail ends in a poisonous barb. [potion
                  | of mutation]
 47183 | WizLab   | Lost mutation: You can roll at foes to attack. [potion of
                  | mutation]
 47183 | WizLab   | Lost mutation: You are robust. (+10% HP) [potion of
                  | mutation]
 47183 | WizLab   | Gained mutation: You can translocate small distances at
                  | will. [potion of mutation]
 47183 | WizLab   | Gained mutation: Your mind is acute. (Int +2) [potion of
                  | mutation]
 47320 | Depths:1 | Received a gift from Okawaru
 47321 | Depths:1 | Got a pair of crude gloves {god gift}
 47351 | Depths:1 | Identified the -5 pair of gloves "Gaveleoz" {Dex+3}
                  | (Okawaru gifted it to you on level 1 of the Depths)
 47389 | Zig:1    | Entered Level 1 of a ziggurat
 47409 | Zig:2    | Entered Level 2 of a ziggurat
 47458 | Zig:3    | Entered Level 3 of a ziggurat
 47563 | Zig:4    | Entered Level 4 of a ziggurat
 47762 | Zig:5    | Entered Level 5 of a ziggurat
 47817 | Zig:6    | Entered Level 6 of a ziggurat
 47895 | Zig:7    | Entered Level 7 of a ziggurat
 47978 | Zig:7    | Identified the Reference Book on Creation
 47981 | Zig:7    | Reached XP level 23. HP: 132/251 MP: 7/28
 48113 | Zig:8    | Entered Level 8 of a ziggurat
 48118 | Zig:8    | Noticed a juggernaut
 48135 | Zig:8    | Killed a juggernaut
 48200 | Zig:8    | Identified the Grimoire of Twisted Cold
 48205 | Zig:8    | Got a transparent scale mail
 48254 | Zig:8    | Identified the cursed +1 scale mail of Disappointment
                  | {rElec rPois MP-9 Str+4} (You found it on level 8 of a
                  | ziggurat)
 48306 | Zig:9    | Entered Level 9 of a ziggurat
 48313 | Zig:9    | Noticed a Killer Klown
 48313 | Zig:9    | Noticed a Killer Klown
 48313 | Zig:9    | Noticed a Killer Klown
 48314 | Zig:9    | Noticed a Killer Klown
 48315 | Zig:9    | Noticed Hin Zue the pandemonium lord
 48317 | Zig:9    | Found the macabre finger necklace {rN+}
 48329 | Zig:9    | Killed Hin Zue the pandemonium lord
 48337 | Zig:9    | Killed a Killer Klown
 48352 | Zig:9    | Killed a Killer Klown
 48353 | Zig:9    | Reached XP level 24. HP: 84/261 MP: 22/28
 48360 | Zig:9    | Killed a Killer Klown
 48372 | Zig:9    | Killed a Killer Klown
 48400 | Zig:9    | Lost mutation: You can translocate small distances at will.
                  | [potion of mutation]
 48400 | Zig:9    | Lost mutation: Your mind is acute. (Int +2) [potion of
                  | mutation]
 48400 | Zig:9    | Lost mutation: Potions are less effective at restoring your
                  | health. [potion of mutation]
 48400 | Zig:9    | Gained mutation: You are resistant to electric shocks.
                  | (rElec) [potion of mutation]
 48400 | Zig:9    | Gained mutation: You passively map a small area around you.
                  | [potion of mutation]
 48400 | Zig:9    | Gained mutation: Your spells are a little harder to cast,
                  | but a little more powerful. [potion of mutation]
 48400 | Zig:9    | Gained mutation: You expend magic power (3 MP) to
                  | strengthen your wands. [potion of mutation]
 48679 | Depths:1 | Reached XP level 25. HP: 270/270 MP: 28/28
 49021 | Depths:1 | Reached skill level 26 in Fighting
 49168 | Depths:1 | Found a runed translucent door.
 49211 | Depths:1 | Received a gift from Okawaru
 49212 | Depths:1 | Got a warped short sword {god gift}
 49213 | Depths:1 | Identified the +5 short sword "Paahon" {pain, *Drain rElec
                  | rN+ MP+9} (Okawaru gifted it to you on level 1 of the
                  | Depths)
 49651 | Depths:2 | Found Hemu Cak's Distillery.
 49651 | Depths:2 | Found Fuacs's Gadget Shop.
 49701 | Depths:2 | Found Eneudgh's Jewellery Shop.
 49703 | Depths:2 | Found Oweet's Gadget Boutique.
 49800 | Depths:2 | Found a one-way gate leading to the halls of Pandemonium.
 49858 | Depths:2 | You fall into a shaft and drop 1 floor!
 50015 | Depths:2 | Got a heavily runed plate armour
 50026 | Depths:2 | Identified the cursed +0 plate armour "Meiwupn" {+Inv rC++
                  | Dex+2} (You found it on level 2 of the Depths)
 50514 | Depths:3 | Received a gift from Okawaru
 50515 | Depths:3 | Got a fading falchion {god gift}
 50516 | Depths:3 | Identified the +2 falchion "Aneese Nury" {vorpal, Stlth+}
                  | (Okawaru gifted it to you on level 3 of the Depths)
 50794 | Hell     | Entered the Vestibule of Hell
 50797 | Hell     | Noticed Geryon
 50814 | Hell     | Killed Geryon
 50815 | Hell     | Reached skill level 15 in Armour
 50832 | Hell     | Received a gift from Okawaru
 50836 | Hell     | Reached skill level 1 in Evocations
 51586 | Hell     | Found a gateway to the freezing wastes of Cocytus.
 51602 | Coc:1    | Entered Level 1 of Cocytus
 51635 | Coc:1    | Received a gift from Okawaru
 51740 | Coc:1    | Reached skill level 27 in Fighting
 51798 | Coc:1    | Reached XP level 26. HP: 49/284 MP: 28/28
 51803 | Coc:1    | Reached skill level 5 in Evocations
 53122 | Depths:3 | Noticed Margery
 53148 | Depths:3 | Killed Margery
 53442 | Depths:3 | Received a gift from Okawaru
 53937 | Depths:4 | Noticed Mennas
 54063 | Depths:4 | Killed Mennas
 54253 | Depths:3 | Received a gift from Okawaru
 54483 | Depths:4 | Found the +18 shield of the Gong {rElec rN+ Will+ EV-5}
 54561 | Depths:4 | Noticed a juggernaut
 55260 | Depths:5 | Entered Level 5 of the Depths
 55263 | Depths:5 | Noticed a juggernaut
 55289 | Depths:5 | Killed a juggernaut
 55455 | Depths:5 | Reached XP level 27. HP: 292/292 MP: 28/28
 55502 | Depths:5 | HP: 10/292 [caustic shrike (17)]
 55510 | Depths:5 | HP: 13/292 [spark wasp (5)]
 55512 | Depths:5 | HP: 4/292 [spark wasp (5)]
 55512 | Depths:5 | Demolished by a spark wasp

Illustrated notes

Levels and vault maps discovered:
D:1:      amcnicky_arrival_double_pillar, layout_basic
D:2:      cheibrodos_pilgrimage, layout_basic, okawaru_gym_becter,
          minmay_misc_feat_hallway, lemuel_statue_altar
D:3:      layout_loops_ring, overflow_temple_1_default, uniq_jessica,
          uniq_natasha
D:4:      layout_basic
D:5:      layout_rooms, serial_shops, nicolae_shop_window_shopping,
          gup_sewer_entry_bowl, guppyfry_early_orc_mine, uniq_menkaure
D:6:      layout_cave_pods, chequers_temple_overflow_statue_of_worship,
          minmay_temple_entry_enclosed_plants
D:7:      layout_layer_cave, gammafunk_ghost_abyssal_escape
D:8:      layout_basic, gammafunk_ghost_nasty_kobolds, uniq_grum, uniq_erica
D:9:      layout_rooms, special_room [special_room_bee]
D:10:     layout_loops_ring
D:11:     layout_roguey, dpeg_oklobed_lair, gammafunk_ghost_nasty_kobolds,
          minmay_st_funbox
D:12:     layout_layer_cave, orc_0_dummy, trog_wizard, uniq_jorgrun
D:13:     layout_irregular_city, serial_shops, nicolae_shop_crystal, drop_trap
D:14:     layout_loops_ring, erik_vaults_2, grunt_decor_fettered
D:15:     grunt_enter_depths_hoard, layout_rooms, serial_shops, shop, shop,
          nicolae_shop_stone, shop, columned_hall_lemuel, grunt_tough_drop,
          uniq_rupert
Temple:   minmay_crystal_spiral_temple
Lair:1:   layout_cave_pods, gammafunk_ghost_ooze
Lair:2:   layout_cave_pods, palyth_hydra_swamp_entry, serial_bayou_shore_a
Lair:3:   layout_regular_city, guppyfry_snake_entry_island,
          portal_ice_cave_entry_pillars_2, grunt_megastairs_2
Lair:4:   layout_loops_ring, gammafunk_ghost_hive, grunt_forest_large_clearings
Lair:5:   layout_loops_ring, gauntlet_entry_generic,
          chequers_serial_rivers_small_a, chequers_serial_rivers_small_3,
          ice2_lemuel
Lair:6:   evil_forest, layout_cave_pods, minmay_slime_entry_jelly_boxes
Swamp:1:  layout_basic_swamp, wheals_swamp_sinkhole, swamp_pool5,
          nicolae_swamp_spriggan_camp, infiniplex_staircase_pool
Swamp:2:  layout_basic_swamp, hangedman_swamp_ruin_hall,
          infiniplex_staircase_pool_2
Swamp:3:  layout_falls_marsh, evilmike_swamp_ruin_house_1, swamp_pool4,
          statue_in_the_mist_lemuel
Swamp:4:  swamp_pestilence, layout_basic_swamp, uniq_louise
Snake:1:  layout_concentric_octagons
Snake:2:  layout_chambers, drop_trap, serial_bayou_ford_a, uniq_aizul
Snake:3:  layout_cave_town, nicolae_snake_shapes
Snake:4:  johnstein_snake_rune_scales, layout_misc_corridors,
          gammafunk_ghost_cemetery, serial_shops, shop_fountains, uniq_agnes,
          uniq_bai_suzhen
Orc:1:    layout_diamond_mine
Orc:2:    st_orc_ogre_mass, layout_caves
Elf:1:    layout_geoelf_diagonals, serial_shops, shop, shop, shop,
          minmay_elf_demonology
Elf:2:    layout_loops_cross, serial_shops, shop, einodemon_crawler_minivault
Elf:3:    minmay_elf_hall_dome, layout_geoelf_castle, basic_altar
Vaults:1: hangedman_vaults_restitches, v_misc_23, v_misc_17,
          nicolae_vaults_display_case, nicolae_vaults_little_squares_1,
          hangedman_vaults_trim, v_misc_27, vaults_dpeg_ring,
          nicolae_vaults_shelves_hall, v_misc_27, layout_vaults_quadrants,
          serial_shops, shop
Vaults:2: nicolae_vaults_little_squares_3, vaults_mumra_minichess_inversion,
          grunt_vaults_focal, grunt_vaults_bifocal, vaults_dpeg_spiral,
          nicolae_vaults_little_squares_3, nicolae_vaults_network_quinsquares
          [nicolae_vaults_network_quincunx_subvault,
          nicolae_vaults_network_quincunx_subvault,
          nicolae_vaults_network_quincunx_subvault,
          nicolae_vaults_network_quincunx_subvault],
          nicolae_vaults_statue_guard, v_misc_24, ontoclasm_vaults_misaligned,
          hangedman_vaults_snaps, nicolae_vaults_little_squares_6, v_misc_25,
          nicolae_vaults_little_ls, v_misc_23, vaults_standard_mumra_lines,
          ontoclasm_vaults_ring_small, layout_vaults_omnibox
Vaults:3: v_alt_pattern_1, vaults_room_door_ring,
          minmay_crypt_entry_simple_round, nicolae_vaults_three_branches,
          ontoclasm_vaults_misaligned, vaults_dpeg_diagonal,
          ontoclasm_vaults_pinch, ontoclasm_vaults_twist,
          hangedman_vaults_corner, nicolae_vaults_twisting_passages, v_misc_11,
          serial_ice_b, nicolae_vaults_mini_display_case,
          layout_vaults_maze_snakey, serial_shops, shop
Vaults:4: vaults_dpeg_cross, v_misc_26, vaults_mumra_hex,
          nicolae_vaults_windows_and_doors_thing, v_misc_1,
          ontoclasm_vaults_spin, nicolae_vaults_ring_of_whatevers,
          nicolae_vaults_fighting_squares, v_misc_23,
          ontoclasm_vaults_claustrophobia, vaults_room_octagon,
          ontoclasm_vaults_gateway, dpeg_vaults_monster_box,
          layout_vaults_omnicross, serial_shops, nicolae_shop_waterfront,
          uniq_donald
Depths:1: layout_small_grid, enter_ziggurat_c, hellmouth_2,
          hangedman_abyss_or_decor_lesser_grid,
          lightli_enter_wizlab_magi_temple, minmay_crystal_box
Depths:2: evilmike_cross, layout_twisted_cross, rand_demon_pan_entry_7,
          hell_entry, minmay_shoptagon, minmay_staircase_windowed_large
Depths:3: wad_arrow_thing, layout_gridlike, abyss_entry, grunt_pan_entry_zigzag,
          serial_sigils_hangedman_etch, hell_entry, minmay_misc_feat_diagonals,
          kennysheep_random_hallway, uniq_margery
Depths:4: evilmike_inaccessible_box, layout_cross, minmay_room_of_horrors,
          hell_entry, uniq_mennas
Depths:5: grunt_runaround [grunt_runaround_doors_1, grunt_runaround_doors_2,
          grunt_runaround_doors_3, grunt_runaround_doors_4,
          grunt_runaround_zot], abyss_entry, hell_entry
Hell
Coc:1:    layout_cocytus_water_paths

Skill      XL: |  1  2  3  4  5  6  7  8  9 10 11 12 13 14 15 16 17 18 19 20 21 22 23 24 25 26 |
---------------+-------------------------------------------------------------------------------+-----
Long Blades    | 3 4 5 7 9 12 13 14 15 17 19 22 | 22.8
Armour         | 3 5 8 10 11 12 13 15 | 15.3
Shields        | 3 5 8 9 11 13 15 | 15.0
Fighting       | 4 5 6 8 10 11 13 16 19 20 21 22 24 25 27 | 27.0
Short Blades   | 2 4 |  4.4
Invocations    | 3 6 7 |  7.0
Evocations     | 4 8 |  8.0

Action                   |  1- 3 |  4- 6 |  7- 9 | 10-12 | 13-15 | 16-18 | 19-21 | 22-24 | 25-27 || total
-------------------------+-------+-------+-------+-------+-------+-------+-------+-------+-------++-------
Melee: Long sword        |    96 |   146 |   204 |    23 |       |       |       |       |       ||   469
       Tailslap          |     4 |    24 |    60 |    82 |   294 |   453 |   714 |   240 |   447 ||  2318
       Rapier            |       |       |   215 |       |       |       |       |       |       ||   215
       Scimitar          |       |       |       |   673 |   399 |  1591 |  1913 |   439 |   897 ||  5912
       Demon blade       |       |       |       |       |   851 |   121 |       |       |       ||   972
       Double sword      |       |       |       |       |    59 |   161 |   322 |   266 |   613 ||  1421
       Triple sword      |       |       |       |       |       |     4 |       |       |       ||     4
Invok: Heroism           |       |       |     3 |     6 |    18 |    13 |     9 |    11 |    12 ||    72
       Finesse           |       |       |       |     1 |     4 |     3 |     6 |     4 |     2 ||    20
 Abil: Rolling Charge    |     1 |     7 |    15 |    19 |    20 |    24 |    25 |    20 |    11 ||   142
Evoke: Box of beasts     |       |       |       |       |       |       |     1 |       |       ||     1
       Wand              |       |       |       |       |       |       |       |     2 |       ||     2
  Use: Potion            |     1 |       |       |     1 |    10 |     3 |     5 |     6 |     6 ||    32
       Scroll            |       |       |     9 |     2 |    10 |     5 |     1 |     3 |    14 ||    44
 Stab: Distracted        |       |       |       |       |       |     1 |       |       |       ||     1
       Confused          |       |       |       |       |       |     1 |       |       |       ||     1
       Invisible         |       |       |       |       |       |       |       |     8 |       ||     8
Armor: Scale mail        |    13 |       |       |       |       |       |       |       |       ||    13
       Ring mail         |    39 |    42 |    60 |    12 |       |       |       |       |       ||   153
       Plate armour      |       |       |       |   300 |   663 |  1145 |   824 |   552 |   808 ||  4292
Dodge: Dodged            |    24 |    45 |   134 |   127 |   296 |   422 |   426 |   294 |   374 ||  2142
       Repelled          |       |       |       |     1 |     8 |    39 |    14 |     7 |    15 ||    84
Block: Kite shield       |    54 |    53 |   163 |   315 |   809 |  1203 |   328 |       |   322 ||  3247
       Tower shield      |       |       |       |       |       |       |  1772 |  1120 |  1597 ||  4489
       Rpst.: Long sword |     9 |    18 |    20 |       |       |       |       |       |       ||    47
       Scimitar          |       |       |       |    33 |    36 |    69 |    73 |    35 |    43 ||   289
       Demon blade       |       |       |       |       |    41 |     2 |       |       |       ||    43
       Double sword      |       |       |       |       |     1 |    11 |    24 |    17 |    24 ||    77
